 Dungeon Crawl Stone Soup version 0.24.1-11-gbbbb2193e6 (webtiles) character file.

Game seed: 5599619164598488501, levelgen mode: deterministic

6516 mortelune the Transmogrifier (level 11, 0/75 HPs)
             Began as an Octopode Transmuter on May 10, 2020.
             Was a Believer of Elyvilon.
             Succumbed to a killer bee's poison
             ... on level 9 of the Dungeon.
             The game lasted 00:33:28 (16860 turns).

mortelune the Transmogrifier (Octopode Transmuter) Turns: 16860, Time: 00:33:28

Health: 0/75       AC: -3    Str:  9    XL:     11   Next: 0%
Magic:  1/18       EV: 16    Int: 22    God:    Elyvilon [**....]
Gold:   368        SH:  0    Dex: 17    Spells: 5/20 levels left

rFire    . . .     SeeInvis .     - Unarmed
rCold    . . .     Gourm    .   (no shield)
rNeg     . . .     Faith    .   s - +0 hat
rPois    .         Spirit   +   G - amulet of guardian spirit
rElec    .         Reflect  .   z - +3 ring of intelligence
rCorr    .         Harm     .   C - +4 ring of dexterity
MR       .....                  (no ring)
Stlth    +++.......             (no ring)
HPRegen  0.22/turn              (no ring)
MPRegen  0.16/turn              (no ring)
                                (no ring)
                                (no ring)

@: lethally poisoned (0 -> -3), appendage, corroded
A: almost no armour, stealthy swim, amphibious, 8 rings, constrict 8, tentacle
spike 3, camouflage 1, gelatinous body 1
a: End Transformation, Lesser Healing, Heal Other, Divine Protection, Renounce
Religion


You were on level 9 of the Dungeon.
You worshipped Elyvilon.
Elyvilon was pleased with you.
You were not hungry.
One of your tentacles had a temporary spike.
You visited 2 branches of the dungeon, and saw 11 of its levels.
You also visited: Sewer.

You collected 368 gold pieces.

Inventory:

Missiles
 g - 12 javelins
 u - 4 curare-tipped darts (quivered)
 A - 18 poisoned darts
 Q - 206 arrows
Armour
 s - a +0 hat (worn)
 v - a +2 shield
Jewellery
 z - a +3 ring of intelligence (left tentacle)
 C - a +4 ring of dexterity (right tentacle)
 G - an amulet of guardian spirit (around mantle)
Wands
 w - a wand of iceblast (12)
 y - a wand of polymorph (4)
 D - a wand of digging (4)
Scrolls
 e - a scroll of fear
 f - 4 scrolls of fog
 i - 3 scrolls of identify
 j - 3 scrolls of amnesia
 l - 3 scrolls of remove curse
 n - 3 scrolls of magic mapping
 p - a scroll of holy word {unknown}
 t - 5 scrolls of teleportation
 x - a scroll of vulnerability {unknown}
 E - a scroll of enchant weapon
Potions
 a - 6 potions of curing
 b - 4 potions of heal wounds
 d - 2 potions of magic {unknown}
 h - a potion of lignification
 k - a potion of resistance {unknown}
 m - 2 potions of berserk rage {unknown}
 o - a potion of mutation {unknown}
 q - 3 potions of flight
 r - a potion of might
Comestibles
 c - 10 rations


   Skills:
 + Level 7.4 Fighting
 + Level 5.4 Dodging
 + Level 7.9 Unarmed Combat
 - Level 5.1 Spellcasting
 - Level 8.5 Transmutations
 - Level 4.6 Ice Magic
 + Level 4.1 Invocations


You had 5 spell levels left.
You knew the following spells:

 Your Spells              Type           Power        Failure   Level  Hunger
a - Beastly Appendage     Tmut           #####.       1%          1    None
b - Sticks to Snakes      Tmut           #####...     1%          2    None
c - Spider Form           Tmut/Pois      ###.......   5%          3    ##.....
d - Ice Form              Ice/Tmut       ####....     7%          4    ####...
e - Blade Hands           Tmut           #####.....   9%          5    #####..

Your spell library contained the following spells:

 Spells                   Type           Power        Failure   Level  Hunger
 Animate Skeleton         Necr           N/A          10%         1    None
 Apportation              Tloc           #.....       10%         1    None
 Confusing Touch          Hex            #.....       10%         1    None
 Summon Small Mammal      Summ           #...         10%         1    None


Dungeon Overview and Level Annotations

Branches:
Dungeon (10/15)            Temple (1/1) D:6           Sewer (visited)
   Lair: D:8-11         Orc: D:9-12

Altars:
Ashenzari
Cheibriados
Dithmenos
Elyvilon
Fedhas
Gozag
Hepliaklqana
Kikubaaqudgha
Makhleb
Nemelex Xobeh
Okawaru
Qazlal
Ru
Sif Muna
Trog
Uskayaw
Vehumet
Wu Jian
Xom
Yredelemnul
Zin
The Shining One
Beogh

Shops:
D:7 (

Annotations:
D:8 exclusion: ice statue
D:9 Gastronok


Innate Abilities, Weirdness & Mutations

You cannot wear most types of armour.
You are very stealthy in the water. (Stealth+)
You are amphibious.
You can wear up to eight rings at the same time.
You can use your tentacles to constrict eight enemies at once.
Your skin changes colour to match your surroundings (Stealth+).
Your rubbery body absorbs attacks. (AC +1, EV +1)
One of your tentacles bears a large vicious spike.


Message History

As you read the scroll of teleportation, it crumbles to dust.
You feel strangely unstable.
You feel sick.
You feel sick.
Your surroundings suddenly seem different.
You feel sick.
A jelly comes into view.
The jelly quivers.
Found an escape hatch in the ceiling.
A crimson imp comes into view.
You feel sick.
The crimson imp blinks!
The crimson imp moves out of view.
You feel sick.
There is an escape hatch in the ceiling here.
You feel sick. The jelly hits you.
* * * LOW HITPOINT WARNING * * *
The acid corrodes you!
You are splashed with acid!
* * * LOW HITPOINT WARNING * * *
A mysterious force pulls you upwards. The hatch slams shut behind you.
Level annotation: Gastronok 3 orcs and 2 orc priests come into view.
You die...

.# .# .#
.# .# ##
#######
#########
#.....#
..#.....##
#..o..#
.........#
+@._..#
#.........
#.oo.o#
#.........
#.o...#
#.........
#######
#.........
#.........
#.........
#........#
.........#


You could see 2 orc priests and 3 orcs.

Vanquished Creatures
  A two-headed ogre (D:8)
  Pikel (D:7)
  Grinder (D:5)
  Prince Ribbit (D:7)
  2 hippogriffs
  An ice beast (D:7)
  3 orc warriors
  2 sky beasts
  3 slaves (D:7)
  5 ogres
  6 centaurs
  A crocodile (D:8)
  8 big kobolds (Sewer)
  7 bullfrogs
  A scorpion (D:4)
  11 killer bees
  2 howler monkeys (D:7)
  A crimson imp (D:10)
  An orc priest (D:5)
  7 hounds
  2 centaur skeletons
  5 orc wizards
  9 worker ants
  A killer bee zombie (D:4)
  A hound zombie (D:7)
  2 hound skeletons
  10 gnolls
  4 river rats
  11 adders
  2 shadow imps
  8 oozes
  An adder skeleton (D:5)
  10 worms
  3 dart slugs
  10 leopard geckos
  21 orcs
  2 bats (D:3)
  6 giant cockroaches
  9 goblins
  14 hobgoblins
  12 jackals
  7 quokkas
  5 ball pythons
  9 frilled lizards
  12 kobolds
  A quokka skeleton (D:7)
  19 rats
261 creatures vanquished.

Vanquished Creatures (collateral kills)
  A two-headed ogre (D:8)
  A gnoll (D:3)
  A quokka (D:8)
3 creatures vanquished.

Vanquished Creatures (others)
  A slave (D:7)
  An orc wizard (D:7)
  A withered plant (D:8)
3 creatures vanquished.

Grand Total: 267 creatures vanquished

Notes
Turn   | Place    | Note
-------+----------+-------------------------------------------
     0 | D:1      | mortelune the Octopode Transmuter began the quest for the
                  | Orb.
     0 | D:1      | Reached XP level 1. HP: 13/13 MP: 3/3
   140 | D:1      | Reached XP level 2. HP: 11/18 MP: 5/5
   354 | D:1      | Learned a level 2 spell: Sticks to Snakes
  1436 | D:2      | Reached XP level 3. HP: 20/23 MP: 4/6
  1441 | D:2      | Learned a level 3 spell: Spider Form
  2076 | D:2      | Reached skill level 3 in Transmutations
  2389 | D:2      | Reached XP level 4. HP: 24/29 MP: 7/7
  2514 | D:2      | Found a shimmering altar of Xom.
  2516 | D:2      | Found a sparkling altar of Nemelex Xobeh.
  2516 | D:2      | Found an ancient bone altar of Kikubaaqudgha.
  2518 | D:2      | Found an ancient bone altar of Kikubaaqudgha.
  2518 | D:2      | Found a sparkling altar of Nemelex Xobeh.
  2518 | D:2      | Found a white marble altar of Elyvilon.
  3214 | D:3      | Found a glowing drain.
  3230 | D:3      | Reached XP level 5. HP: 23/34 MP: 6/9
  3258 | Sewer    | Entered a sewer
  3415 | Sewer    | Noticed a big kobold
  3432 | Sewer    | Killed a big kobold
  3444 | Sewer    | Learned a level 4 spell: Ice Form
  3628 | Sewer    | Noticed a big kobold
  3628 | Sewer    | Noticed a big kobold
  3644 | Sewer    | Killed a big kobold
  3644 | Sewer    | Reached skill level 4 in Transmutations
  3644 | Sewer    | Reached XP level 6. HP: 16/41 MP: 8/10
  3648 | Sewer    | HP: 2/41 [big kobold/+0 short sword (2)]
  4120 | Sewer    | Reached XP level 7. HP: 38/46 MP: 10/12
  4254 | Sewer    | Reached skill level 5 in Transmutations
  5986 | D:3      | Reached XP level 8. HP: 53/54 MP: 9/14
  6163 | D:4      | Reached skill level 1 in Ice Magic
  6327 | D:4      | Reached skill level 6 in Transmutations
  7165 | D:4      | Reached skill level 5 in Unarmed Combat
  7791 | D:4      | Learned a level 5 spell: Blade Hands
  7806 | D:5      | Entered Level 5 of the Dungeon
  8517 | D:5      | Reached skill level 7 in Transmutations
  8723 | D:5      | Found an opulent altar of Gozag.
  8866 | D:5      | Noticed Grinder
  8918 | D:5      | Paralysed by Grinder for 5 turns
  8929 | D:5      | Killed Grinder
  8929 | D:5      | Reached XP level 9. HP: 32/60 MP: 13/16
  9152 | D:5      | Reached skill level 5 in Fighting
  9304 | D:5      | Reached skill level 5 in Spellcasting
 10509 | D:6      | Found a staircase to the Ecumenical Temple.
 10596 | Temple   | Entered the Ecumenical Temple
 10690 | Temple   | Became a worshipper of Elyvilon the Healer
 11010 | D:6      | Found a glowing golden altar of the Shining One.
 11466 | D:7      | Reached skill level 8 in Transmutations
 11667 | D:7      | Reached * piety under Elyvilon
 11674 | D:7      | Noticed Prince Ribbit
 11932 | D:7      | Killed Prince Ribbit
 12892 | D:7      | Reached XP level 10. HP: 62/68 MP: 8/17
 12906 | D:7      | Noticed Pikel
 12915 | D:7      | Killed Pikel
 13798 | D:7      | Found Mucir's Weapon Shoppe.
 14115 | D:7      | Reached skill level 1 in Invocations
 14315 | D:8      | Noticed a two-headed ogre
 14603 | D:8      | Noticed a two-headed ogre
 14634 | D:8      | Killed a two-headed ogre
 14856 | D:8      | Noticed an ice statue
 15315 | D:8      | Killed a two-headed ogre
 15650 | D:8      | Found an ancient bone altar of Kikubaaqudgha.
 15677 | D:8      | Reached ** piety under Elyvilon
 15752 | D:8      | Reached skill level 5 in Dodging
 16040 | D:9      | Found a snail-covered altar of Cheibriados.
 16198 | D:9      | Found a shattered altar of Ashenzari.
 16450 | D:9      | Noticed Gastronok
 16457 | D:10     | Entered Level 10 of the Dungeon
 16836 | D:10     | Reached XP level 11. HP: 75/75 MP: 15/18
 16859 | D:10     | HP: 1/75 [acid (6)]
 16860 | D:9      | Found a roughly hewn altar of Beogh.
 16860 | D:9      | Succumbed to a killer bee's poison

Levels and vault maps discovered:
D:1:      sevenhm_arrival_forest_fort_large_2, layout_loops_cross
D:2:      layout_basic, doesnt_xom_only_xom
D:3:      kennysheep_big_flooded_room, layout_rooms, first_ration,
          portal_sewer_entry_b, minmay_splitting_lines
D:4:      layout_basic
D:5:      layout_layer_cave, kennysheep_mini_moat, uniq_grinder
D:6:      layout_loops_ring, minmay_temple_entry_purple_smoke, basic_altar,
          st_stairs_4, minmay_ogre_servants
D:7:      layout_loops_ring, serial_shops, nicolae_shop_statue_plus,
          minmay_circle_x, uniq_prince_ribbit1, uniq_pikel
D:8:      cheibrodos_frozen_isle, layout_loops_cross, kiku_gazebo_garden_becter
D:9:      layout_rooms, cheibriados_altar_1, lemuel_doored_altar,
          minmay_orc_entry_temple_small, serial_rivers,
          chequers_serial_rivers_micro_b, chequers_serial_rivers_micro_a,
          chequers_serial_rivers_room_b, chequers_serial_rivers_room_b,
          chequers_serial_rivers_large_a, chequers_serial_rivers_micro_e,
          item_on_display_a, uniq_gastronok
D:10:     due_megacathedral, layout_layer_cave, grunt_tengu_nest, eino_jars
Temple:   compressed_dpeg_circular_temple

Skill      XL: |  1  2  3  4  5  6  7  8  9 10 |
---------------+-------------------------------+-----
Transmutations | 3 4 5 7 8 |  8.5
Fighting       | 2 3 4 5 7 |  7.4
Spellcasting   | 3 4 5 |  5.1
Unarmed Combat | 4 5 6 7 |  7.9
Ice Magic      | 2 4 |  4.6
Dodging        | 3 5 |  5.4
Invocations    | 4 |  4.1

Action                   |  1- 3 |  4- 6 |  7- 9 | 10-12 || total
-------------------------+-------+-------+-------+-------++-------
Melee: Unarmed           |    69 |    97 |   436 |   166 ||   768
       Constrict         |    18 |    21 |    42 |     8 ||    89
       Kick              |    14 |    15 |    24 |     7 ||    60
       Tentacles         |    12 |    18 |    32 |     5 ||    67
       Punch             |     1 |     1 |     9 |       ||    11
Throw: Dart              |       |       |    14 |     4 ||    18
       Javelin           |       |       |     4 |       ||     4
 Cast: Beastly Appendage |    13 |     8 |    21 |     7 ||    49
       Sticks to Snakes  |       |     2 |     1 |    14 ||    17
       Spider Form       |       |     3 |     8 |     4 ||    15
       Ice Form          |       |       |    24 |    17 ||    41
Invok: Heal Other        |       |       |       |     2 ||     2
       Lesser Healing    |       |       |       |     2 ||     2
  Use: Scroll            |     4 |     3 |    11 |     5 ||    23
       Potion            |       |     3 |       |     1 ||     4
 Stab: Sleeping          |     5 |     3 |     8 |     1 ||    17
  Eat: Chunk             |     3 |     4 |    25 |    13 ||    45
       Ration            |       |     1 |     2 |     1 ||     4
Armor: Skin              |     3 |     8 |    47 |    30 ||    88
Dodge: Dodged            |    48 |    53 |   224 |   146 ||   471
